 Dungeon Crawl Stone Soup version 0.28.0-53-g5a82cb258f (webtiles) character file.

Game seed: 14292800900856151942

102 buhh the Skirmisher (level 4, -1/34 HPs)
             Began as an Octopode Transmuter on June 20, 2022.
             Slain by a hound (3 damage)
             ... on level 4 of the Dungeon.
             The game lasted 00:03:35 (3648 turns).

buhh the Skirmisher (Octopode Transmuter)           Turns: 3648, Time: 00:03:36

Health: -1/34      AC:  1    Str:  9    XL:     4   Next: 77%
Magic:  6/7        EV: 13    Int: 17    God:
Gold:   139        SH:  0    Dex: 12    Spells: 6/7 levels left

rFire   . . .      SeeInvis .     - Unarmed
rCold   . . .      Faith    .   (no shield)
rNeg    . . .      Spirit   .   (helmet currently unavailable)
rPois   .          Reflect  .   d - amulet of the acrobat
rElec   .          Harm     .   m - ring of willpower
rCorr   .          Rampage  .   (no ring)
Will    +....                   (no ring)
Stlth   +++.......              (no ring)
HPRegen 0.11/turn               (no ring)
MPRegen 0.10/turn               (no ring)
                                (no ring)
                                (no ring)

@: appendages
A: tentacle spike 3, almost no armour, amphibious, 8 rings, camouflage 1,
gelatinous body 1, (nimble swimmer 1), tentacles
a: End Transformation


You were on level 4 of the Dungeon.
One of your tentacles had grown a beastly spike.
You visited 1 branch of the dungeon, and saw 4 of its levels.

You collected 139 gold pieces.

Inventory:

Missiles
 l - 2 poisoned darts
Jewellery
 d - an amulet of the acrobat (around mantle)
 m - a ring of willpower (left tentacle)
Scrolls
 b - a scroll of enchant weapon {unknown}
 e - a scroll of noise {unknown}
 f - a scroll of summoning {unknown}
 g - a scroll of teleportation {unknown}
 j - a scroll of fear {unknown}
 k - a scroll of identify {unknown}
Potions
 a - 2 potions of curing {unknown}
 c - 3 potions of degeneration {unknown}
 h - a potion of ambrosia {unknown}
 i - a potion of invisibility {unknown}


   Skills:
 + Level 4.3 Fighting
 - Level 2.0 Dodging
 - Level 1.0 Stealth
 - Level 3.0 Unarmed Combat
 - Level 2.0 Spellcasting
 - Level 2.0 Transmutations


You had 6 spell levels left.
You knew the following spells:

 Your Spells              Type           Power      Damage    Failure   Level
a - Beastly Appendage     Tmut           16%        N/A       9%          1

Your spell library contained the following spells:

 Spells                   Type           Power      Damage    Failure   Level
 Wereblood                Tmut           8%         N/A       13%         2
 Spider Form              Tmut/Pois      5%         N/A       36%         3
 Ice Form                 Ice/Tmut       5%         N/A       77%         4


Dungeon Overview and Level Annotations

Branches:
Dungeon (4/15)
 Temple: D:4-7

Altars:
Okawaru


Innate Abilities, Weirdness & Mutations

One of your tentacles has grown a beastly spike.
You cannot wear most types of armour.
You are amphibious.
You can wear up to eight rings at the same time.
Your skin changes colour to match your surroundings (Stealth+).
Your rubbery body absorbs attacks. (AC +1, EV +1)
((You are camouflaged when in or above water. (Stealth+)))
You have tentacles for arms and can constrict up to eight enemies at once.


Message History

The hound barely misses you.
You tentacle-slap the hound. Your grab misses the hound.
The hound is lightly wounded.
The hound bites you.
A worm comes into view.
The hound closely misses you.
You barely miss the hound. Your grab misses the hound.
Your tentacle spike misses the hound.
The hound is lightly wounded.
The hound bites you.
You are too injured to fight recklessly!
You are too injured to fight recklessly!
You tentacle-slap the hound. Your grab misses the hound.
The hound is moderately wounded.
The hound bites you. The hound misses you.
You tentacle-slap the hound. Your grab misses the hound.
Your tentacle spike misses the hound.
The hound is moderately wounded.
The hound bites you.
You tentacle-slap the hound. Your grab misses the hound.
Your squeeze misses the hound.
The hound is heavily wounded.
Your tentacle spike disappears.
The hound bites you. The hound closely misses you.
The hound completely misses you.
The hound stops to sniff the ground.
The hound bites you.
* * * LOW HITPOINT WARNING * * *
The hound completely misses you. The hound completely misses you.
Casting: Beastly Appendage (safe; 9% risk of failure)
Press: ? - help, Q - select action, (/) - cycle Dir - look around, f - activate One of your tentacles grows a vicious spike.
The hound bites you.
* * * LOW HITPOINT WARNING * * *
You tentacle-slap the hound. Your grab misses the hound.
Your tentacle spike misses the hound.
The hound is severely wounded.
The hound barely misses you. The hound bites you.
You die...

### #. #..
#.# #.# #.#
#.# #.# #.#
####.# #.#
.....# #<#
#.##.###.#
#.#..oh@.#
#.#.w#####
#.#..#
#######.#..#
.......[).w#
#######.##.#
#.....#
####..# #..#


You could see a worm, a hound and an orc.

Vanquished Creatures
  2 adders
  5 worms
  A dart slug (D:3)
  2 orcs (D:4)
  8 ball pythons
  4 endoplasms
  2 giant cockroaches
  6 goblins
  8 hobgoblins
  4 quokkas
  3 bats
  6 frilled lizards
  6 kobolds
  4 rats
61 creatures vanquished.

Notes
Turn   | Place    | Note
-------+----------+-------------------------------------------
     0 | D:1      | buhh the Octopode Transmuter began the quest for the Orb.
     0 | D:1      | Reached XP level 1. HP: 13/13 MP: 3/3
   701 | D:1      | Reached XP level 2. HP: 19/19 MP: 3/5
   785 | D:1      | Reached skill level 2 in Fighting
  1385 | D:2      | Reached XP level 3. HP: 25/25 MP: 4/6
  1491 | D:2      | Reached skill level 3 in Fighting
  2011 | D:2      | Reached XP level 4. HP: 17/32 MP: 5/7
  2827 | D:3      | Reached skill level 4 in Fighting
  3435 | D:3      | Found an iron altar of Okawaru.
  3648 | D:4      | Slain by a hound

Illustrated notes

Levels and vault maps discovered:
D:1:      minmay_arrival_plants_in_alcoves, layout_basic
D:2:      layout_loops_cross
D:3:      layout_loops_corners, mainiacjoe_overflow_concentric_impassable
D:4:      layout_loops_ring, temple_hall

Skill      XL: |  1  2  3  4 |
---------------+-------------+-----
Stealth        | 1 |  1.0
Fighting       | 2 3 4 |  4.3
Dodging        | |  2.0
Unarmed Combat | |  3.0
Spellcasting   | |  2.0
Transmutations | |  2.0

Action                   |  1- 3 |  4- 6 || total
-------------------------+-------+-------++-------
Melee: Unarmed           |    91 |    57 ||   148
       Kick              |    27 |    14 ||    41
       Constrict         |    21 |    13 ||    34
       Tentacles         |    12 |    11 ||    23
       Punch             |     1 |     4 ||     5
 Cast: Beastly Appendage |    26 |    17 ||    43
 Stab: Sleeping          |     6 |     4 ||    10
Armor: Skin              |     3 |     3 ||     6
Dodge: Dodged            |    66 |    42 ||   108
